 Dungeon Sprint DCSS version 0.17-a0-1804-gf6433eb (webtiles) character file.

1451 nuthulu the Fighter (level 8, 0/138 HPs)
             Began as a Troll Berserker on Sept 11, 2015.
             Was an Elder of Trog.
             Slain by a demonic crawler (1 damage)
             ... in the Dungeon (Sprint I: "Red Sonja").
             The game lasted 00:01:37 (614 turns).

nuthulu the Fighter (Troll Berserker)                Turns: 614, Time: 00:01:37

Health: 0/138      AC:  6    Str: 31    XL:     8   Next: 47%
Magic:  7/7        EV: 14    Int:  3    God:    Trog [****..]
Gold:   256        SH:  0    Dex: 11    Spells: 0 memorised, 7 levels left

rFire  . . .     SeeInvis .     j - -1 giant spiked club (curse)
rCold  . . .     Clarity  .     a - +0 animal skin
rNeg   . . .     SustAt   .     (no shield)
rPois  .         Gourm    +     m - +0 hat
rElec  .         Spirit   .     l - +0 cloak {+Inv}
rCorr  .         Warding  .     (gloves unavailable)
rMut   .         NoTele   +     (boots unavailable)
MR     .....                    (no amulet)
Stlth  ..........               (no ring)
                                (no ring)

@: berserking, very quick, not resistant to hostile enchantments, extremely
unstealthy
A: unfitting armour, claws 3, fast metabolism 3, gourmand, regeneration 2,
shaggy fur 1, tough skin 2
a: Burn Spellbooks, Berserk, Trog's Hand, Brothers in Arms, Renounce Religion,
Evoke Invisibility


You were in the Dungeon.
You worshipped Trog.
Trog was greatly pleased with you.
You were not hungry.

You visited 1 branch You collected 426 gold pieces.
You spent 170 gold pieces at shops.

Inventory:

Hand weapons
 j - a cursed -1 giant spiked club (weapon)
Armour
 a - a +0 animal skin (worn)
 l - a +0 cloak of invisibility (worn)
 m - a +0 hat (worn)
Magical devices
 i - a wand of flame (10)
Scrolls
 h - a scroll of blinking
Potions
 c - a potion of curing
 d - a potion of heal wounds
 e - a potion of haste
 f - 2 potions of magic
 g - a potion of berserk rage
Comestibles
 b - 2 bread rations


   Skills:
 + Level 9.6 Fighting
 + Level 8.8 Maces & Flails
 + Level 9.6 Dodging
 - Level 6.1 Unarmed Combat


You had 7 spell levels left.
You didn't know any spells.

Dungeon Overview and Level Annotations

Branches:
Dungeon (1/1)

Altars:
Cheibriados
Dithmenos
Elyvilon
Fedhas
Gozag
Kikubaaqudgha
Makhleb
Nemelex Xobeh
Okawaru
Qazlal
Ru
Sif Muna
Trog
Vehumet
Xom
Yredelemnul
Zin
The Shining One
Jiyva

Shops:
D [


Innate Abilities, Weirdness & Mutations

You are too large for most types of armour.
You have claws for hands.
Your metabolism is lightning-fast.
You like to eat raw meat.
You heal very quickly.
You are covered in fur (AC +1).
You have very tough skin (AC +2).


Message History

The demonic crawler misses you. The demonic crawler hits you.
* * * LOW HITPOINT WARNING * * *
The demonic crawler barely misses you. The demonic crawler misses you.
The demonic crawler hits you.
* * * LOW HITPOINT WARNING * * *
The demonic crawler hits you.
* * * LOW HITPOINT WARNING * * *
Unknown command.
You barely miss the demonic crawler.
The demonic crawler is lightly wounded.
The demonic crawler barely misses you. The demonic crawler hits you!
* * * LOW HITPOINT WARNING * * *
The demonic crawler hits you.
* * * LOW HITPOINT WARNING * * *
You beat the demonic crawler like a drum!!!
The demonic crawler is almost dead.
The demonic crawler barely misses you. The demonic crawler hits you.
* * * LOW HITPOINT WARNING * * *
The demonic crawler hits you.
You die...

######################***********
..'..#..'..#__#.@ss..#,,*,,,,+,,,
..#..').#..'^.'..#s..##+#,****,,,
####'#####'#__####...'..#,*,***,,
###..#...#.####,,#####..+,*+*,***
__####..##.#≈≈≈,,*,,**+##**,,,*,*
_..__##'#..+≈≈≈,,+,,*,,,,,*,,,***
_.∩...÷..._#≈≈≈,,*,,*,,,,,+,,,,,*
_..._##_.#+#*+*****+***,,,*,,,,,*
_____###+#,*,,,,***,+,*,,,***++**


You could see 3 demonic crawlers.

Vanquished Creatures
  2 kobold demonologists (D)
  A demonic crawler (D)
  A slime creature (D)
  Sigmund (D)
  A yak (D)
  An ogre (D)
  Ijyb (D)
  A jelly (D)
  A giant eyeball (D)
10 creatures vanquished.

Notes
Turn   | Place    | Note
--------------------------------------------------------------
     0 | D        | nuthulu the Troll Berserker began the quest for the Orb.
     0 | D        | Reached XP level 1. HP: 22/22 MP: 0/0
     1 | D        | Noticed Ijyb
    17 | D        | Killed Ijyb
    17 | D        | Reached skill level 4 in Unarmed Combat
    17 | D        | Reached XP level 2. HP: 14/32 MP: 1/1
   157 | D        | Noticed an ogre
   165 | D        | Killed an ogre
   165 | D        | Acquired Trog's second power
   165 | D        | Reached skill level 5 in Fighting
   165 | D        | Reached skill level 5 in Dodging
   165 | D        | Reached skill level 6 in Unarmed Combat
   165 | D        | Reached XP level 3. HP: 13/42 MP: 2/2
   165 | D        | Reached XP level 4. HP: 15/50 MP: 3/3
   267 | D        | Noticed Sigmund
   270 | D        | Killed Sigmund
   270 | D        | Reached XP level 5. HP: 61/61 MP: 4/4
   270 | D        | Reached XP level 6. HP: 68/68 MP: 5/5
   308 | D        | Found a deep blue altar of Sif Muna.
   309 | D        | Noticed a jelly
   310 | D        | Found a radiant altar of Vehumet.
   315 | D        | Killed a jelly
   331 | D        | Found Tykog's Armour Emporium.
   331 | D        | Found a white marble altar of Elyvilon.
   331 | D        | Found a stormy altar of Qazlal.
   331 | D        | Found a burning altar of Makhleb.
   331 | D        | Found a sacrificial altar of Ru.
   331 | D        | Found a basalt altar of Yredelemnul.
   331 | D        | Found a glowing golden altar of the Shining One.
   331 | D        | Found a sparkling altar of Nemelex Xobeh.
   331 | D        | Found a shimmering altar of Xom.
   331 | D        | Found an opulent altar of Gozag.
   331 | D        | Found an ancient bone altar of Kikubaaqudgha.
   331 | D        | Found a glowing silver altar of Zin.
   331 | D        | Noticed a yak
   341 | D        | Killed a yak
   341 | D        | Reached skill level 7 in Fighting
   341 | D        | Reached skill level 5 in Maces & Flails
   342 | D        | Found an iron altar of Okawaru.
   442 | D        | Found a bloodstained altar of Trog.
   446 | D        | Bought a +0 cloak of invisibility for 126 gold pieces
   446 | D        | Bought a +0 hat for 44 gold pieces
   467 | D        | Found a viscous altar of Jiyva.
   467 | D        | Found a blossoming altar of Fedhas.
   467 | D        | Noticed a slime creature
   468 | D        | Found a snail-covered altar of Cheibriados.
   468 | D        | Found a shadowy altar of Dithmenos.
   472 | D        | Killed a slime creature
   472 | D        | Reached skill level 8 in Fighting
   472 | D        | Reached XP level 7. HP: 48/80 MP: 6/6
   544 | D        | Noticed a kobold demonologist
   544 | D        | Paralysed by a giant eyeball for 4 turns
   549 | D        | Noticed a hellwing
   549 | D        | Noticed a kobold demonologist
   551 | D        | Paralysed by a giant eyeball for 2 turns
   554 | D        | Killed a kobold demonologist
   555 | D        | Acquired Trog's third power
   560 | D        | Noticed a sixfirhy
   561 | D        | Killed a kobold demonologist
   561 | D        | Reached skill level 9 in Fighting
   561 | D        | Reached XP level 8. HP: 92/92 MP: 7/7
   598 | D        | Noticed a demonic crawler
   598 | D        | Noticed a demonic crawler
   598 | D        | Noticed a demonic crawler
   598 | D        | Noticed a demonic crawler
   608 | D        | Killed a demonic crawler
   613 | D        | HP: 2/138 [demonic crawler (9)]
   614 | D        | Slain by a demonic crawler

Vault maps used:
D:        dungeon_sprint_1

Action                   |  1- 3 |  4- 6 |  7- 9 || total
-------------------------+-------+-------+-------++-------
Melee: Unarmed           |    23 |       |       ||    23
       Giant spiked club |       |    18 |    23 ||    41
Invok: Berserk           |       |     1 |     2 ||     3
  Use: Scroll            |       |     1 |       ||     1
  Eat: Chunk             |       |     7 |       ||     7
